 Seeded DCSS version 0.28.0-62-gf88900778d (webtiles) character file.

Game seed: 6652734874546685307 (custom seed)

118 cbfl8 the Skirmisher (level 4, -3/35 HPs)
             Began as a Demonspawn Fighter on June 30, 2023.
             Killed from afar by an orc wizard (12 damage)
             ... with a puff of flame
             ... on level 3 of the Dungeon.
             The game lasted 00:01:39 (2380 turns).

cbfl8 the Skirmisher (Demonspawn Fighter)           Turns: 2380, Time: 00:01:40

Health: -3/35      AC:  9    Str: 22    XL:     4   Next: 72%
Magic:  4/4        EV:  8    Int:  9    God:
Gold:   48         SH:  5    Dex: 15    Spells: 3/3 levels left

rFire   . . .      SeeInvis .   a - +0 war axe
rCold   . . .      Faith    .   c - +0 buckler
rNeg    . . .      Spirit   .   h - +0 chain mail
rPois   .          Reflect  .   (helmet restricted)
rElec   .          Harm     .   (no cloak)
rCorr   .          Rampage  .   (no gloves)
Will    .....                   (no boots)
Stlth   ..........              (no amulet)
HPRegen 0.11/turn               e - +6 ring of strength
MPRegen 0.09/turn               (no ring)

@: silenced (expiring)
A: antennae 1, sturdy frame 1
a: no special abilities


You were on level 3 of the Dungeon.
You visited 1 branch of the dungeon, and saw 3 of its levels.

You collected 84 gold pieces.
You spent 36 gold pieces at shops.

Inventory:

Hand Weapons
 a - a +0 war axe (weapon)
Armour
 c - a +0 buckler (worn)
 h - a +0 chain mail (worn)
Jewellery
 e - a +6 ring of strength (left hand)
Scrolls
 i - a scroll of fog
 k - a scroll of noise
Potions
 d - a potion of might
 f - 4 potions of curing
 g - a potion of ambrosia {unknown}
 j - 2 potions of heal wounds {unknown}


   Skills:
 + Level 3.3 Fighting
 * Level 2.9 Axes
 + Level 3.0 Armour
 * Level 1.3 Dodging
 * Level 1.2 Stealth
 + Level 2.8 Shields
 * Level 1.3 Invocations
 * Level 0.9 Evocations


You had 3 spell levels left.
You didn't know any spells.
Your spell library was empty.

Dungeon Overview and Level Annotations

Branches:
Dungeon (3/15)

Altars:
Xom

Shops:
D:2 !


Innate Abilities, Weirdness & Mutations

You have a pair of small antennae on your head.
Your movements are slightly less encumbered by armour. (ER -2)


Message History

You hit the orc. You miss the bat.
You hit the frilled lizard but do no damage.
The bat barely misses you. The bat hits you but does no damage.
The orc hits you but does no damage.
The orc wizard hits you with a +0 dagger.
The frilled lizard closely misses you. The orc hits you with a +0 mace.
You barely miss the orc wizard.
The orc wizard is severely wounded.
You barely miss the frilled lizard. You closely miss the bat.
You barely miss the orc. The bat barely misses you.
The bat hits you but does no damage. The bat barely misses you.
The orc wizard barely misses you. You block the frilled lizard's attack.
The orc barely misses you.
The orc wizard gestures at you while chanting.
The magic dart hits you!
You are too injured to fight recklessly!
Unknown command.
You are too injured to fight recklessly!
Unknown command.
You are too injured to fight recklessly!
Unknown command.
You closely miss the orc wizard.
The orc wizard is severely wounded.
You slash the frilled lizard!
You kill the frilled lizard!
You hit the orc.
You kill the orc!
The bat hits you. You block the bat's attack.
A quokka comes into view.
The orc wizard gestures wildly while chanting.
The orc wizard flickers and vanishes!
Deactivating autopickup; reactivate with Ctrl-A.
You block the goblin's attack.
The quokka moves out of view.
You miss something. You hit the goblin. The bat hits you but does no damage.
You block the bat's attack. Something hits you.
* * * LOW HITPOINT WARNING * * *
The bat hits you but does no damage. The goblin barely misses you.
A puff of flame appears from out of thin air!
The puff of flame hits you!
You die...

# ..# ##.
...# ..######
... #.....#
...
#.....##.###
#..........#.
#............
#...g<.......
#...b@.......
#.#.){)...#.#
# #..........
.........#.#
##.##........
#. #.....#.#
#. #...#....
#........


You could see a goblin and a bat.

Vanquished Creatures
  An orc wizard (D:3)
  Robin (D:2)
  2 adders (D:2)
  2 worms (D:2)
  2 orcs (D:3)
  4 endoplasms
  A giant cockroach (D:1)
  10 goblins (D:2)
  6 hobgoblins
  4 jackals (D:2)
  5 kobolds
  2 quokkas
  6 ball pythons
  3 bats
  4 frilled lizards
  3 rats
56 creatures vanquished.

Notes
Turn   | Place    | Note
-------+----------+-------------------------------------------
     0 | D:1      | cbfl8 the Demonspawn Fighter began the quest for the Orb.
     0 | D:1      | Reached XP level 1. HP: 18/18 MP: 1/1
   278 | D:1      | Gained mutation: You have a pair of small antennae on your
                  | head. [demonic ancestry]
   278 | D:1      | Reached XP level 2. HP: 23/24 MP: 2/2
   336 | D:1      | Found a faded altar of an unknown god.
  1105 | D:2      | Reached XP level 3. HP: 19/29 MP: 3/3
  1295 | D:2      | Found a shimmering altar of Xom.
  1373 | D:2      | Noticed Robin
  1379 | D:2      | Reached skill level 1 in Dodging
  1391 | D:2      | Reached skill level 1 in Stealth
  1397 | D:2      | Reached skill level 1 in Invocations
  1405 | D:2      | Killed Robin
  1689 | D:2      | Gained mutation: Your movements are slightly less
                  | encumbered by armour. (ER -2) [demonic ancestry]
  1689 | D:2      | Reached XP level 4. HP: 18/35 MP: 4/4
  2061 | D:2      | Found Kasukam's Distillery.
  2151 | D:2      | Bought a potion of curing for 36 gold pieces
  2380 | D:3      | Killed from afar by an orc wizard

Illustrated notes

Levels and vault maps discovered:
D:1:      wander_arrival_lonely_grave, layout_basic,
          chequers_ecumenical_altar_island, moated_statue, minmay_box_of_dots
D:2:      layout_loops_corners, basic_altar, serial_shops, shop,
          minmay_diced_spiral, uniq_robin
D:3:      layout_rooms, serial_co_window_serial, co_window_paths_a,
          co_window_paths_a, co_window_corner_a, co_window_cross_1,
          co_window_paths_b, co_window_unsneaky_path_d, co_window_corner_b,
          co_window_broadway_c, co_window_broadway_a, co_window_2corner,
          co_window_unsneaky_path_d, glass_columns_b, glass_columns_b,
          glass_columns_a, glass_columns_a, minivault_27, corexii_shack

Skill      XL: |  1  2  3  4 |
---------------+-------------+-----
Axes           | 2 |  2.9
Dodging        | 1 |  1.3
Stealth        | 1 |  1.2
Invocations    | 1 |  1.3
Armour         | 3 |  3.0
Fighting       | |  3.3
Shields        | |  2.8
Evocations     | |  0.9

Action                   |  1- 3 |  4- 6 || total
-------------------------+-------+-------++-------
Melee: War axe           |   116 |    36 ||   152
  Use: Scroll            |       |     3 ||     3
Armor: Scale mail        |     9 |       ||     9
       Chain mail        |    64 |    47 ||   111
Dodge: Dodged            |    56 |    37 ||    93
Block: Buckler           |    30 |    15 ||    45
